 Dungeon Crawl Stone Soup version 0.29.1-2-gbd0b4ee654 (webtiles) character file.

Game seed: 13522392412293041842

28434 unlimited1921 the Eclecticist (level 13, -5/77 HPs)
             Began as a Djinni Fire Elementalist on Nov 5, 2022.
             Was an Initiate of Yredelemnul.
             Killed by divine providence
             ... invoked by an orc priest
             ... led by Saint Roka
              (16 damage)
             ... on level 2 of the Orcish Mines.
             The game lasted 02:01:10 (25650 turns).

unlimited1921 the Eclecticist (DjFE)               Turns: 25650, Time: 02:01:11

Health: -5/77      AC: 16    Str:  7    XL:     13   Next: 73%
Gold:   1436       EV: 13    Int: 24    God:    Yredelemnul [......] SH:  6 Dex: 16

rFire   + + +      SeeInvis .   I - +3 hand axe (freeze)
rCold   + . .      Faith    +   y - +0 buckler
rNeg    . . .      Spirit   .   T - +2 robe {rC+ rF+}
rPois   ∞          Reflect  .   a - +5 helmet of Agrymeo {rElec Will+ MP+9 Int+4}
rElec   +          Harm     .   (no cloak)
rCorr   .          Rampage  .   t - +1 pair of gloves
Will    ++...                   (boots unavailable)
Stlth   +++.......              f - amulet of faith
HPRegen 0.22/turn               s - ring of protection from cold
MPRegen 0.00/turn               E - +4 ring of protection

@: flying
A: sickness immunity, fire resistance 2, cold vulnerability 1, float, innate
caster, HP casting, extra vitality 1
a: Renounce Religion, Recall Undead Harvest


You were on level 2 of the Orcish Mines.
You worshipped Yredelemnul.
Yredelemnul was noncommittal.
You visited 2 branches of the dungeon, and saw 14 of its levels.

You collected 1436 gold pieces.

Inventory:

Hand Weapons
 e - a +2 war axe of distortion
 p - a +2 dagger of draining
 u - a +4 spear
 v - a +0 flail of protection
 w - a +0 dire flail of protection
 I - a +3 hand axe of freezing (weapon)
 J - a +2 vorpal trident
 N - a +1 hand axe of electrocution
 S - a +4 scimitar of flaming
 V - a +0 morningstar of protection
 W - a +2 dagger of venom
Missiles
 P - 6 silver javelins
Armour
 a - the +5 helmet of Agrymeo (worn) {rElec Will+ MP+9 Int+4}
   (You acquired it on level 7 of the Dungeon)

   Int:       It affects your intelligence (+4).
   rElec:     It insulates you from electricity.
   MP:        It affects your magic capacity (+9).
   Will:      It increases your willpower.
 t - a +1 pair of gloves (worn)
 y - a +0 buckler (worn)
 M - the +2 leather armour of the Nightingale {SInv}
   (You took it off a gnoll sergeant on level 6 of the Dungeon)

   SInv:      It lets you see invisible.
 T - a +2 robe of resistance (worn)
Jewellery
 f - an amulet of faith (around neck)
 s - a ring of protection from cold (left hand)
 E - a +4 ring of protection (right hand)
Wands
 r - a wand of digging (6) (quivered)
 H - a wand of paralysis (11)
 O - a wand of flame (27)
 Q - a wand of mindburst (5)
 U - a wand of iceblast (9)
Scrolls
 b - 2 scrolls of immolation {unknown}
 c - 2 scrolls of blinking
 h - 5 scrolls of summoning
 i - 3 scrolls of vulnerability
 j - 2 scrolls of magic mapping
 k - 2 scrolls of fog
 m - 12 scrolls of teleportation
 q - 3 scrolls of fear
 F - 3 scrolls of enchant weapon {unknown}
 G - a scroll of poison {unknown}
 L - 4 scrolls of enchant armour
Potions
 d - 2 potions of heal wounds
 g - 4 potions of lignification
 l - 3 potions of brilliance
 n - 3 potions of curing
 o - a potion of cancellation
 x - a potion of resistance
 z - 2 potions of flight {unknown}
 C - 2 potions of invisibility
 D - a potion of might
 K - 2 potions of degeneration {unknown}
 R - 5 potions of haste {unknown}
Miscellaneous
 A - a tin of tremorstones (2/2)
 B - a piece from Xom's chessboard (15/15)


   Skills:
 + Level 1.4 Fighting
 + Level 1.5 Axes
 + Level 4.1 Armour
 + Level 4.0 Dodging
 * Level 6.5 Stealth
 * Level 6.6 Shields
 + Level 15.0 Spellcasting
 + Level 0.2 Invocations
 + Level 0.2 Evocations


You had 11 spell levels left.
You knew the following spells:

 Your Spells              Type           Power      Damage    Failure   Level
a - Foxfire               Conj/Fire      100%       2x1d9     0%          1
b - Scorch                Fire           100%       2d10      0%          2
c - Conjure Flame         Conj/Fire      74%        6-21      1%          3
d - Inner Flame           Hex/Fire       74%        N/A       1%          3
e - Flame Wave            Conj/Fire      74%        2d16      1%          4
f - Apportation           Tloc           100%       N/A       0%          1
g - Call Imp              Summ           74%        N/A       0%          2
h - Mephitic Cloud        Conj/Pois/Air  74%        N/A       1%          3
i - Summon Guardian Gole  Hex/Summ       74%        N/A       1%          3
j - Sticky Flame          Conj/Fire      74%        2d9       1%          4
k - Irradiate             Conj/Tmut      37%        3d24      1%          5
Your spell library was empty.

Dungeon Overview and Level Annotations

Branches:
Dungeon (12/15)            Temple (0/1) D:7            Lair (0/5) D:9
    Orc (2/2) D:12            Elf (0/3) Orc:2

Altars:
Cheibriados
Elyvilon
Fedhas
Gozag
Hepliaklqana
Uskayaw
Wu Jian
Xom
Yredelemnul

Shops:
D:1 [   D:4 *   D:8 [   D:11 (   Orc:2 (

Annotations:
D:3 2 runed translucent doors, miserystealer's ghost, amateur MfTm
Orc:2 Saint Roka


Innate Abilities, Weirdness & Mutations

You are immune to sickness and miasma.
You are immune to poison.
Your flesh is very heat resistant. (rF++)
You are vulnerable to cold. (rC-)
You float through the air rather than walking.
You learn spells naturally, not from books.
Your magical power is your life essence.
You have superior vitality. (+4 MHP)


Message History

Flames lash Saint Roka.
Flame seeps out of Saint Roka.
Saint Roka is lightly wounded.
Saint Roka's fire resistance burns away.
The orc wizard hits the orc with a +0 dagger.
The orc wizard hits itself with a +0 dagger.
Flame seeps out of the orc wizard.
The orc priest calls upon Beogh to heal the orc.
The orc is healed somewhat.
The orc warrior barely misses your guardian golem.
Saint Roka is engulfed in blazing flames.
Flame seeps out of Saint Roka.
Saint Roka calls down the wrath of Beogh upon you.
Beogh smites you!
Casting: Scorch (safe; 0% risk of failure)
Confirm with . or Enter, or press ? or * to list all spells.
Flames lash the orc.
The orc is severely wounded.
The orc's fire resistance burns away.
* * * LOW HITPOINT WARNING * * *
You hear a shout!
The orc warrior hits Saint Roka with a +0 flail!
Flame seeps out of Saint Roka.
The orc hits your guardian golem but does no damage.
Saint Roka is engulfed in blazing flames.
Flame seeps out of Saint Roka.
Saint Roka calls down the wrath of Beogh upon you.
Beogh smites you!
* * * LOW HITPOINT WARNING * * *
Your shadow imp hits the orc wizard.
Flame seeps out of the orc wizard.
The orc wizard is engulfed in blazing flames.
The orc wizard explodes!
The fiery explosion engulfs the orc!!
The orc is burned terribly!
You kill the orc!
The fiery explosion engulfs your shadow imp!
Your shadow imp is severely wounded.
Your shadow imp disappears in a puff of smoke!
The orc priest mumbles some strange prayers to Beogh against you.
Beogh smites you!
You die...
Your body rises from the dead as a mindless zombie.

#+##.)..).......##.......Z..##
#.#..)o.<).......#...........#
#.###.[.[...........)........#
.∩O.o.$............)........##
#.###)......o...............##
#.#.).......§..)o..).........#
#'#........§°)[o.............#
............§§9o[............#
...........○[.o[@..[.........#
>...........☼°..)[...........#
...)........................##
............................##
.............................#
.............................#
....#........................#
.....#.#.....................#
....#...#...................##


You could see Saint Roka (inner flame, combustible), an orc warrior (inner
flame, strong, confused), an orc priest (strong), 2 orcs and a friendly guardian
golem (summoned).

Vanquished Creatures
  A hydra (D:11)
  An ogre mage (Orc:2)
  Erica (D:9)
  10 two-headed ogres
  The ghost of Anandil the Shield-Bearer, a novice DrCj of Gozag (D:8)
  An orc knight (D:12)
  A deep elf pyromancer (D:12)
  2 orc sorcerers
  A cyclops (D:12)
  An ugly thing (D:12)
  Maurice (D:11)
  A centaur zombie (D:8)
  2 komodo dragons
  An unseen horror (D:10)
  2 spectral two-headed ogres (Orc:2)
  4 trolls
  A spectral elf (D:12)
  A hornet (D:9)
  Sigmund (D:4)
  2 shadows (D:12)
  17 yaks
  A vampire (D:11)
  2 wraiths
  11 vampire mosquitoes
  A steam dragon (D:7)
  Menkaure (D:6)
  2 wargs
  2 two-headed ogre zombies
  3 acid dragons
  A spectral hornet (D:9)
  6 spectral yaks
  2 water moccasins
  14 orc warriors
  2 ice beasts (D:7)
  A sky beast (D:8)
  A centaur (D:10)
  12 ogres
  A vampire mosquito zombie (D:11)
  2 komodo dragon zombies
  2 bullfrogs
  A kobold brigand (D:8)
  A necrophage (D:7)
  A gnoll sergeant (D:6)
  A water moccasin zombie (D:7)
  2 scorpions
  8 wights
  A spectral ice beast (D:7)
  A troll zombie (Orc:2)
  5 killer bees (D:9)
  3 yak zombies
  3 spectral ogres (Orc:2)
  2 oklob saplings (D:9)
  A howler monkey (D:8)
  A spectral acid dragon (D:10)
  An electric eel (D:12)
  A spectral centaur (D:10)
  A bullfrog zombie (D:8)
  3 jellies (D:5)
  4 hounds
  4 gnoll boudas
  24 orc priests
  6 iguanas
  25 orc wizards
  A spectral steam dragon (D:7)
  2 spectral killer bees (D:9)
  A killer bee zombie (D:9)
  2 hound zombies (D:3)
  A spectral iguana (D:7)
  19 gnolls
  A spectral jelly (D:5)
  8 adders
  2 shadow imps
  A steam dragon zombie (D:7)
  2 white imps
  2 spectral adders (D:9)
  5 gnoll zombies
  An iguana zombie (D:7)
  2 spectral gnolls
  A worm (D:7)
  5 dart slugs
  90 orcs
  13 ball pythons
  11 endoplasms
  4 giant cockroaches
  17 goblins
  11 hobgoblins
  6 jackals
  9 kobolds
  A quokka (D:1)
  3 ball python zombies (D:9)
  7 bats
  3 frilled lizards (D:1)
  A goblin zombie (D:4)
  A jackal zombie (D:9)
  26 orc zombies
  6 rats
  22 spectral orcs
  A butterfly (D:9)
508 creatures vanquished.

Vanquished Creatures (collateral kills)
  A deep elf pyromancer (D:12)
  An ugly thing (D:12)
  A komodo dragon (D:11)
  A hornet (D:9)
  A yak (D:10)
  A steam dragon (D:7)
  An acid dragon (D:10)
  5 orc warriors
  A howler monkey (D:8)
  2 orc priests (D:12)
  An orc wizard (D:5)
  3 orcs
  3 ball pythons (D:9)
  A jackal (D:9)
  An orc zombie (D:6)
  2 foxfires (D:1)
26 creatures vanquished.

Vanquished Creatures (others)
  A centaur warrior (D:8)
  A spectral two-headed ogre (Orc:2)
  2 trolls
  A hornet (D:7)
  A water moccasin (D:7)
  A spectral yak (D:9)
  An elf zombie (D:12)
  A hornet zombie (D:9)
  A human (D:9)
  2 troll zombies
  A spectral human (D:11)
  An orc priest (Orc:1)
  An orc wizard (Orc:1)
  A scorpion zombie (D:6)
  An ogre zombie (Orc:1)
  An acid dragon zombie (D:12)
  A howler monkey zombie (D:8)
  A spectral electric eel (D:12)
  An adder zombie (D:9)
  3 iguana zombies
  A spectral white imp (D:6)
  An orc (D:7)
  A gnoll zombie (D:6)
  A ball python zombie (D:9)
  An endoplasm zombie (D:4)
  A kobold zombie (D:8)
  24 orc zombies
  3 spectral orcs
  686 foxfires
  67 plants
810 creatures vanquished.

Grand Total: 1344 creatures vanquished

Notes
Turn   | Place    | Note
-------+----------+-------------------------------------------
     0 | D:1      | unlimited1921 the Djinni Fire Elementalist began the quest
                  | for the Orb.
     0 | D:1      | unlimited1921 set off with the following spells memorised:
                  | Foxfire, Scorch, Conjure Flame, Inner Flame, Flame Wave.
     0 | D:1      | Reached XP level 1. HP: 15/15 MP: 0/0
   111 | D:1      | Found Vuklag's Armour Shop.
   217 | D:1      | Reached XP level 2. HP: 12/21 MP: 0/0
   832 | D:1      | Reached skill level 3 in Spellcasting
   832 | D:1      | Reached XP level 3. HP: 19/25 MP: 0/0
   832 | D:1      | Learned a level 1 spell: Apportation
  2402 | D:2      | Reached XP level 4. HP: 29/31 MP: 0/0
  2443 | D:2      | Found a faded altar of an unknown god.
  4150 | D:3      | Reached XP level 5. HP: 32/35 MP: 0/0
  4150 | D:3      | Learned a level 2 spell: Call Imp
  4454 | D:3      | Found an ornate altar of the Wu Jian Council.
  4456 | D:3      | Reached skill level 4 in Spellcasting
  4644 | D:3      | Found a large runed translucent door.
  4644 | D:3      | Found a large runed translucent door.
  4651 | D:3      | Noticed miserystealer's ghost (amateur MfTm)
  5060 | D:3      | Found a basalt altar of Yredelemnul.
  5070 | D:3      | Became a worshipper of Yredelemnul the Dark
  5219 | D:4      | Noticed Sigmund
  5225 | D:4      | Killed Sigmund
  5226 | D:4      | Reached skill level 5 in Spellcasting
  5226 | D:4      | Reached XP level 6. HP: 16/40 MP: 0/0
  5226 | D:4      | Reached XP level 7. HP: 18/45 MP: 0/0
  5226 | D:4      | Learned a level 3 spell: Mephitic Cloud
  6347 | D:4      | Found an opulent altar of Gozag.
  6351 | D:4      | Found Gozag's Platinum Reserve.
  6834 | D:5      | Entered Level 5 of the Dungeon
  6842 | D:5      | Noticed a water moccasin
  6847 | D:5      | Killed a water moccasin
  6848 | D:5      | Reached skill level 6 in Spellcasting
  6853 | D:5      | Reached * piety under Yredelemnul
  7070 | D:5      | Reached XP level 8. HP: 45/50 MP: 0/0
  7205 | D:5      | Found a white marble altar of Elyvilon.
  7255 | D:5      | Reached ** piety under Yredelemnul
  7783 | D:5      | Reached skill level 7 in Spellcasting
  8940 | D:6      | Noticed Menkaure
  8946 | D:6      | Killed Menkaure
  8970 | D:6      | Identified the +2 leather armour of the Nightingale {SInv}
  8976 | D:6      | Reached skill level 8 in Spellcasting
  8976 | D:6      | Reached XP level 9. HP: 22/55 MP: 0/0
  8976 | D:6      | Learned a level 3 spell: Summon Guardian Golem
 10032 | D:6      | Identified a scroll of acquirement
 10036 | D:7      | Acquired the +5 helmet of Agrymeo {rElec Will+ MP+9 Int+4}
 10196 | D:7      | Reached skill level 9 in Spellcasting
 10201 | D:7      | Noticed a hornet
 10231 | D:7      | Killed a hornet
 10647 | D:7      | Found a staircase to the Ecumenical Temple.
 10907 | D:7      | Found a snail-covered altar of Cheibriados.
 11135 | D:7      | Found a shimmering altar of Xom.
 11457 | D:7      | Reached skill level 1 in Armour
 11457 | D:7      | Reached XP level 10. HP: 26/61 MP: 0/0
 12130 | D:8      | Found Peojufum's Antique Armour Emporium.
 12188 | D:8      | Reached skill level 10 in Spellcasting
 12945 | D:8      | Found a runed translucent gate.
 12945 | D:8      | Found a runed translucent gate.
 12946 | D:8      | Found a runed translucent gate.
 12949 | D:8      | Noticed Anandil's ghost (novice DrCj)
 13076 | D:8      | Found a hazy altar of Hepliaklqana.
 13149 | D:8      | Noticed a centaur warrior
 13164 | D:8      | Killed a centaur warrior
 13165 | D:8      | Reached skill level 1 in Shields
 13685 | D:8      | Killed Anandil's ghost
 13686 | D:8      | Reached skill level 11 in Spellcasting
 14062 | D:9      | Noticed a komodo dragon
 14065 | D:9      | Killed a komodo dragon
 14066 | D:9      | Reached XP level 11. HP: 13/66 MP: 0/0
 14066 | D:9      | Learned a level 4 spell: Sticky Flame
 14356 | D:9      | Found a staircase to the Lair.
 14427 | D:9      | Found a blossoming altar of Fedhas.
 14427 | D:9      | Found a hide-covered altar of Uskayaw.
 14684 | D:9      | Reached skill level 12 in Spellcasting
 15394 | D:9      | Noticed a two-headed ogre
 15395 | D:9      | Noticed Erica
 15403 | D:9      | Killed a two-headed ogre
 15406 | D:9      | Killed Erica
 16535 | D:10     | Entered Level 10 of the Dungeon
 16572 | D:10     | Noticed a two-headed ogre
 16579 | D:10     | Killed a two-headed ogre
 16875 | D:10     | Reached skill level 1 in Fighting
 17043 | D:10     | Reached skill level 1 in Axes
 17044 | D:10     | Reached skill level 13 in Spellcasting
 17055 | D:10     | Reached XP level 12. HP: 44/72 MP: 0/0
 17785 | D:11     | Noticed a five-headed hydra
 17793 | D:11     | Killed a five-headed hydra
 17813 | D:11     | Noticed Maurice
 17824 | D:11     | Killed Maurice
 17937 | D:11     | Your ally Maurice died
 18454 | D:11     | Found Sifinak's Weapon Emporium.
 18487 | D:11     | Reached skill level 5 in Stealth
 19527 | D:12     | Reached *** piety under Yredelemnul
 19747 | D:12     | Found a staircase to the Orcish Mines.
 20036 | D:12     | Reached skill level 14 in Spellcasting
 20988 | Orc:1    | Entered Level 1 of the Orcish Mines
 21153 | Orc:1    | Reached XP level 13. HP: 51/76 MP: 0/0
 21153 | Orc:1    | Learned a level 5 spell: Irradiate
 21326 | Orc:1    | Reached skill level 5 in Shields
 22860 | Orc:2    | Entered Level 2 of the Orcish Mines
 23593 | Orc:2    | Found a staircase to the Elven Halls.
 23599 | Orc:2    | Found Xinol's Antique Weapon Shoppe.
 23630 | Orc:2    | Noticed an ogre mage
 23970 | Orc:2    | Killed an ogre mage
 24307 | Orc:2    | Noticed Saint Roka
 25010 | Orc:2    | Reached skill level 15 in Spellcasting
 25650 | Orc:2    | Killed from afar by an orc priest

Illustrated notes

Levels and vault maps discovered:
D:1:      onia_arrival_pentagram, layout_basic, serial_shops, shop,
          nicolae_grassy_gnolls
D:2:      cheibrodos_greedy_goblins, layout_loops_ring,
          ebering_ecumenical_altar_hall
D:3:      layout_basic, nicolae_wu_jian_immortal_techniques,
          lemuel_zombie_altar_yredelemnul, ebering_ghost_disaster_area,
          minivault_14, minmay_misc_feat_encased
D:4:      layout_basic, nicolae_gozag_zags_fifth_avenue, kennysheep_orc_chapel,
          uniq_sigmund
D:5:      layout_basic, amcnicky_altar_gilded, minmay_misc_feat_ornament
D:6:      layout_loops_ring, minmay_misc_feat_roman, st_stairs_13, uniq_menkaure
D:7:      layout_loops_ring, kennysheep_mini_moat, cheibrodos_worm_habitat,
          minmay_temple_entry_slanted
D:8:      kennysheep_big_flooded_room, layout_basic,
          nicolae_hepliaklqana_hippocampus, gammafunk_ghost_spectres,
          serial_shops, nicolae_lakefront_shop, small_chamber_with_monster
D:9:      layout_loops_cross, grunt_temple_overflow_open, tgw_kikubaaqudgha,
          david_lair_shrubbed, hangedman_glass_garden, introduction_to_nature_2,
          uniq_erica
D:10:     layout_roguey
D:11:     layout_loops_ring, serial_shops, nicolae_shop_statue_plus,
          uniq_maurice
D:12:     layout_irregular_city, erik_orc_2
Orc:1:    layout_caves, hellmonk_bongcloud_opening
Orc:2:    st_orc_ogre_mass, layout_caves, ebering_ghost_inner_flame,
          basic_altar, serial_shops, nicolae_shop_overgrown_old_shop,
          nicolae_shop_hallway_plus, uniq_saint_roka

Skill      XL: |  1  2  3  4  5  6  7  8  9 10 11 12 13 |
---------------+----------------------------------------+-----
Spellcasting   | 3 5 6 8 9 11 13 14 15 | 15.0
Stealth        | 2 3 4 5 6 |  6.5
Armour         | 1 2 3 4 |  4.1
Shields        | 1 2 4 6 |  6.6
Dodging        | 3 4 |  4.0
Fighting       | 1 |  1.4
Axes           | 1 |  1.5
Invocations    | |  0.2
Evocations     | |  0.2

Action                   |  1- 3 |  4- 6 |  7- 9 | 10-12 | 13-15 || total
-------------------------+-------+-------+-------+-------+-------++-------
Melee: Dagger            |       |       |     3 |       |       ||     3
       Hand axe          |       |       |       |    42 |     2 ||    44
 Cast: Foxfire           |    49 |    49 |    89 |   181 |    44 ||   412
       Scorch            |    13 |    27 |    77 |   109 |    46 ||   272
       Inner Flame       |       |    11 |    41 |    81 |    39 ||   172
       Call Imp          |       |     2 |     4 |    13 |     5 ||    24
       Mephitic Cloud    |       |       |    10 |    25 |    22 ||    57
       Summon Guardian G |       |       |     3 |    18 |     6 ||    27
       Flame Wave        |       |       |       |     3 |       ||     3
       Sticky Flame      |       |       |       |     1 |       ||     1
       Irradiate         |       |       |       |       |    29 ||    29
Invok: Recall Undead Har |       |       |     1 |       |       ||     1
Evoke: Wand              |       |       |       |       |     6 ||     6
  Use: Potion            |       |     1 |     1 |     6 |       ||     8
       Scroll            |       |       |    11 |     7 |     1 ||    19
Armor: Robe              |     1 |     4 |     2 |     2 |     1 ||    10
       Leather armour    |       |       |     3 |    25 |    14 ||    42
       Skin              |       |       |       |     6 |       ||     6
Dodge: Dodged            |     1 |    14 |     7 |    32 |    38 ||    92
Block: Buckler           |       |       |     5 |    16 |    19 ||    40
